 Dungeon Crawl Stone Soup version 0.23.1 (webtiles) character file.

Game seed: 7983886870836922658

52 Borgoz the Grave Robber (level 3, -5/28 HPs)
             Began as a Ghoul Necromancer on Mar 6, 2019.
             Slain by a worm (10 damage)
             ... on level 2 of the Dungeon.
             The game lasted 00:04:32 (2539 turns).

Borgoz the Grave Robber (Ghoul Necromancer)         Turns: 2539, Time: 00:04:33

Health: -5/28      AC:  2    Str: 11    XL:     3   Next: 85%
Magic:  5/5        EV: 12    Int: 10    God:
Gold:   85         SH:  0    Dex: 10    Spells: 5/6 levels left

rFire    . . .     SeeInvis .   k - +0 short sword
rCold    + . .     Gourm    .   (no shield)
rNeg     + + +     Faith    .   a - +0 robe
rPois    ∞         Spirit   .   (no helmet)
rElec    .         Reflect  .   (no cloak)
rCorr    .         Harm     .   (no gloves)
MR       .....                  (no boots)
Stlth    ++........             (no amulet)
HPRegen  0.00/turn              (no ring)
MPRegen  0.09/turn              (no ring)

@: rotting
A: rotting body, claws 1, carnivore, cold resistance 1, negative energy
resistance 3, inhibited regeneration, torment resistance, unbreathing
a: no special abilities


You were on level 2 of the Dungeon.
You were not hungry.

You visited 1 branch of the dungeon, and saw 2 of its levels.

You collected 85 gold pieces.

Inventory:

Hand Weapons
 k - a +0 short sword (weapon)
Armour
 a - a +0 robe (worn)
Wands
 l - a wand of paralysis (8)
Scrolls
 b - a scroll of noise {unknown}
 d - 2 scrolls of teleportation {unknown}
 f - a scroll of fog {unknown}
 h - a scroll of identify {unknown}
 i - a scroll of magic mapping {unknown}
 m - a scroll of amnesia {unknown}
 n - a scroll of remove curse {unknown}
Potions
 e - a potion of mutation {unknown}
 g - a potion of agility {unknown}
Comestibles
 c - 2 rations


   Skills:
 + Level 1.2 Fighting
 * Level 0.8 Short Blades
 + Level 0.7 Armour
 * Level 2.3 Dodging
 + Level 2.6 Stealth
 - Level 0.2 Unarmed Combat
 + Level 2.1 Spellcasting
 - Level 4.0 Necromancy


You had 5 spell levels left.
You knew the following spells:

 Your Spells              Type           Power        Failure   Level  Hunger
a - Pain                  Necr           #...         6%          1    ##.....

Your spell library contained the following spells:

 Spells                   Type           Power        Failure   Level  Hunger
 Animate Skeleton         Necr           N/A          6%          1    ##.....
 Vampiric Draining        Necr           #.........   19%         3    ####...
 Regeneration             Chrm/Necr      #.........   38%         3    ####...
 Animate Dead             Necr           N/A          52%         4    #####..


Dungeon Overview and Level Annotations

Branches:
Dungeon (2/15)

Altars:


Innate Abilities, Weirdness & Mutations

Your body is rotting away.
You thrive on raw meat.
You are immune to poison.
You have sharp fingernails.
You are carnivorous and can eat meat at any time.
Your flesh is cold resistant. (rC+)
You are immune to negative energy. (rN+++)
You do not regenerate when monsters are visible.
You are immune to unholy pain and torment.
You can survive without breathing.


Message History

You hit the worm.
The worm is heavily wounded.
The worm bites you!
* * * LOW HITPOINT WARNING * * *
You are too injured to fight recklessly!
Eat one of 2 chunks of flesh? (ye/n/q)
You eat one of the 2 chunks of flesh.
This raw flesh tastes great!
Eat a chunk of flesh? (ye/n/q)
You eat the chunk of flesh.
This raw flesh tastes great!
The worm bites you.
You hit the worm.
The worm is severely wounded.
You hit the worm.
The worm is almost dead.
The worm bites you.
* * * LOW HITPOINT WARNING * * *
Okay, then.
You barely miss the worm.
The worm is almost dead.
The worm bites you!
You die...

######### ...÷....#
############
#######.###.....@w...#
.............>######.#
#######.###...# #.#
#...######.# #.#
#.......##.# ### #.#
#.......##.# ..# #.#
#.......##.#
#.#####.###.......##.#
#.................##.#


You could see a worm.

Vanquished Creatures
  3 oozes (D:2)
  A giant cockroach (D:2)
  8 goblins
  4 hobgoblins (D:1)
  4 jackals (D:2)
  2 ball pythons
  3 bats
  A frilled lizard (D:2)
  3 kobolds
  10 rats
39 creatures vanquished.

Notes
Turn   | Place    | Note
-------+----------+-------------------------------------------
     0 | D:1      | Borgoz the Ghoul Necromancer began the quest for the Orb.
     0 | D:1      | Reached XP level 1. HP: 14/14 MP: 2/2
   404 | D:1      | Reached XP level 2. HP: 13/22 MP: 3/3
  1591 | D:2      | Reached XP level 3. HP: 10/27 MP: 3/5
  1780 | D:2      | Reached skill level 1 in Fighting
  2539 | D:2      | Slain by a worm

Skill      XL: |  1  2  3 |
---------------+----------+-----
Dodging        | 2 |  2.3
Spellcasting   | 2 |  2.1
Fighting       | 1 |  1.2
Short Blades   | |  0.8
Armour         | |  0.7
Stealth        | |  2.6
Unarmed Combat | |  0.2
Necromancy     | |  4.0

Action                   || total
-------------------------++-------
Melee: Unarmed           ||    61
       Short sword       ||   116
 Cast: Pain              ||     5
 Stab: Sleeping          ||     3
  Eat: Chunk             ||    13
Armor: Robe              ||    28
Dodge: Dodged            ||   102
